TOP OF THE 1ST |
Buckhead Bowties batting - Pitching for Las Vegas Flamingos : RHP Sy-ing Tah
|
Pitching: RHP Sy-ing Tah
|
|
Batting: LHB José Valéncia
|
0-0: Called Strike 0-1: Ball 1-1: Foul Ball, location: 2F 1-2: Ball 2-2: Foul Ball, location: 2F 2-2: Ball 3-2: Fly out, F8 (Flyball, 8LM)
|
Batting: LHB Yu-zeng Si
|
0-0: Called Strike 0-1: Ground out 3-1 (Groundball, 2R)
|
Batting: LHB Edwin Church
|
0-0: Foul Ball, location: 2F 0-1: Ball 1-1: Ball 2-1: Ball 3-1: Called Strike 3-2: Strikes out looking
|
Top of the 1st over - 0 runs, 0 hits, 0 errors, 0 left on base; Buckhead 0 - Las Vegas 0 |
BOTTOM OF THE 1ST |
Las Vegas Flamingos batting - Pitching for Buckhead Bowties : RHP David Buchanan
|
Pitching: RHP David Buchanan
|
|
Batting: LHB Ruud van Ineveld
|
0-0: Ball 1-0: Ball 2-0: Swinging Strike 2-1: Foul Ball, location: 2F 2-2: Ball 3-2: Base on Balls
|
Batting: RHB Baldomero Avino
|
0-0: Ball 1-0: Called Strike 1-1: Ball 2-1: Ball 3-1: Foul Ball, location: 2F 3-2: Strikes out swinging Ruud van Ineveld steals 2nd base Batter strikes out.
|
Batting: RHB Xavier Hernández
|
0-0: Called Strike 0-1: Foul Ball, location: 2F 0-2: Ball 1-2: Ball 2-2: Foul Ball, location: 2F 2-2: SINGLE (Groundball, 56D) Ruud van Ineveld to third Runner from 3rd tries for Home, SAFE, no throw
|
Batting: LHB Victor Adams
|
0-0: Foul Ball, location: 2F 0-1: Grounds into double play, 4-6-3 (Groundball, 4M)
|
Bottom of the 1st over - 1 run, 1 hit, 0 errors, 0 left on base; Buckhead 0 - Las Vegas 1 |
TOP OF THE 2ND |
Buckhead Bowties batting - Pitching for Las Vegas Flamingos : RHP Sy-ing Tah
|
Batting: RHB Derek Bangert
|
0-0: Ball 1-0: Fly out, F8 (Flyball, 8LXD)
|
Batting: RHB Daniel McCoy
|
0-0: Ball 1-0: Called Strike 1-1: SINGLE (Line Drive, 5)
|
Batting: RHB David Edwards
|
0-0: Ball 1-0: Called Strike 1-1: Foul Ball, location: 2F 1-2: Ball 2-2: Ball 3-2: Foul Ball, location: 2F 3-2: Base on Balls Daniel McCoy to second
|
Batting: LHB Shunso Kiyomizu
|
0-0: Ball 1-0: Foul Ball, location: 2F 1-1: Called Strike 1-2: Strikes out swinging
|
Batting: RHB Richard Jost
|
0-0: Called Strike 0-1: Swinging Strike 0-2: Ball 1-2: Foul Ball, location: 2F 1-2: Foul Ball, location: 2F 1-2: SINGLE (Flyball, 7LS) Daniel McCoy to third David Edwards to second Runner from 3rd tries for Home, SAFE, no throw
|
Batting: RHB Raúl Ruíz
|
0-0: Ball 1-0: Called Strike 1-1: Ball 2-1: Foul Ball, location: 2F 2-2: Foul Ball, location: 2F 2-2: Strikes out swinging
|
Top of the 2nd over - 1 run, 2 hits, 0 errors, 2 left on base; Buckhead 1 - Las Vegas 1 |
BOTTOM OF THE 2ND |
Las Vegas Flamingos batting - Pitching for Buckhead Bowties : RHP David Buchanan
|
Batting: LHB Ty Tomblin
|
0-0: Ball 1-0: Ball 2-0: Ball 3-0: Ground out U3 (Groundball, 34)
|
Batting: RHB Ellis Greenham
|
0-0: Fly out, F9 (Flyball, 9S)
|
Batting: SHB Takashi Noda
|
0-0: Ball 1-0: Ball 2-0: Ground out 4-3 (Groundball, 4MD)
|
Bottom of the 2nd over - 0 runs, 0 hits, 0 errors, 0 left on base; Buckhead 1 - Las Vegas 1 |
TOP OF THE 3RD |
Buckhead Bowties batting - Pitching for Las Vegas Flamingos : RHP Sy-ing Tah
|
Batting: LHB José Valéncia
|
0-0: Ball 1-0: Foul Ball, location: 2F 1-1: Called Strike 1-2: Ball 2-2: Ground out 4-3 (Groundball, 4)
|
Batting: LHB Yu-zeng Si
|
0-0: Ball 1-0: Foul Ball, location: 2F 1-1: Foul Ball, location: 2F 1-2: SINGLE (Line Drive, 9S)
|
Batting: LHB Edwin Church
|
0-0: Ball 1-0: Grounds into double play, 6-4-3 (Groundball, 6)
|
Top of the 3rd over - 0 runs, 1 hit, 0 errors, 0 left on base; Buckhead 1 - Las Vegas 1 |
BOTTOM OF THE 3RD |
Las Vegas Flamingos batting - Pitching for Buckhead Bowties : RHP David Buchanan
|
Batting: RHB Shihei Kichikawa
|
0-0: Called Strike 0-1: Foul Ball, location: 2F 0-2: Strikes out swinging
|
Batting: RHB Sun-jae Kwak
|
0-0: Called Strike 0-1: Foul Ball, location: 2F 0-2: Strikes out swinging
|
Batting: LHB Ruud van Ineveld
|
0-0: Called Strike 0-1: SINGLE (Groundball, 3D)
|
Batting: RHB Baldomero Avino
|
0-0: Ball 1-0: Swinging Strike 1-1: Ball 2-1: Foul Ball, location: 2F 2-2: Fly out, F6 (Popup, 6MS)
|
Bottom of the 3rd over - 0 runs, 1 hit, 0 errors, 1 left on base; Buckhead 1 - Las Vegas 1 |
TOP OF THE 4TH |
Buckhead Bowties batting - Pitching for Las Vegas Flamingos : RHP Sy-ing Tah
|
Batting: RHB Derek Bangert
|
0-0: Ball 1-0: Ball 2-0: DOUBLE (Line Drive, 7LD)
|
Batting: RHB Daniel McCoy
|
0-0: Swinging Strike 0-1: Called Strike 0-2: Ball 1-2: Foul Ball, location: 2F 1-2: Foul Ball, location: 2F 1-2: Foul Ball, location: 2F 1-2: Foul Ball, location: 2F 1-2: SINGLE (Groundball, 6D) Derek Bangert to third Runner from 3rd tries for Home, SAFE, no throw
|
Batting: RHB David Edwards
|
0-0: Swinging Strike 0-1: Swinging Strike 0-2: Ball 1-2: Ball Wild Pitch! Daniel McCoy to second 2-2: Strikes out looking
|
Batting: LHB Shunso Kiyomizu
|
0-0: Ball 1-0: Ball 2-0: Ground out 1-3 (Groundball, P) Daniel McCoy to third
|
Batting: RHB Richard Jost
|
0-0: Ground out 6-3 (Groundball, 6)
|
Top of the 4th over - 1 run, 2 hits, 0 errors, 1 left on base; Buckhead 2 - Las Vegas 1 |
BOTTOM OF THE 4TH |
Las Vegas Flamingos batting - Pitching for Buckhead Bowties : RHP David Buchanan
|
Batting: RHB Xavier Hernández
|
0-0: Foul Ball, location: 2F 0-1: SOLO HOME RUN (Flyball, 78XD), Distance : 432 ft
|
Batting: LHB Victor Adams
|
0-0: Called Strike 0-1: Ground out U3 (Groundball, 34)
|
Batting: LHB Ty Tomblin
|
0-0: Foul Ball, location: 2F 0-1: Ball 1-1: Ball 2-1: Ground out 4-3 (Groundball, 4)
|
Batting: RHB Ellis Greenham
|
0-0: Called Strike 0-1: Foul Ball, location: 2F 0-2: Foul Ball, location: 2F 0-2: Strikes out looking
|
Bottom of the 4th over - 1 run, 1 hit, 0 errors, 0 left on base; Buckhead 2 - Las Vegas 2 |
TOP OF THE 5TH |
Buckhead Bowties batting - Pitching for Las Vegas Flamingos : RHP Sy-ing Tah
|
Batting: RHB Raúl Ruíz
|
0-0: Ball 1-0: Called Strike 1-1: Foul Ball, location: 2F 1-2: Foul Ball, location: 2F 1-2: Ball 2-2: Fly out, F9 (Flyball, 9S)
|
Batting: LHB José Valéncia
|
0-0: Foul Ball, location: 2F 0-1: Ball 1-1: Called Strike 1-2: Strikes out looking
|
Batting: LHB Yu-zeng Si
|
0-0: Ball 1-0: Foul Ball, location: 2F 1-1: Ball 2-1: Ball 3-1: Foul Ball, location: 2F 3-2: DOUBLE (Line Drive, 9D)
|
Batting: LHB Edwin Church
|
0-0: Ball 1-0: Swinging Strike 1-1: Fly out, F8 (Flyball, 8RD)
|
Top of the 5th over - 0 runs, 1 hit, 0 errors, 1 left on base; Buckhead 2 - Las Vegas 2 |
BOTTOM OF THE 5TH |
Las Vegas Flamingos batting - Pitching for Buckhead Bowties : RHP David Buchanan
|
Batting: SHB Takashi Noda
|
0-0: Ball 1-0: Ball 2-0: Ground out U3 (Groundball, 34)
|
Batting: RHB Shihei Kichikawa
|
0-0: Called Strike 0-1: Ground out 6-3 (Groundball, 56D)
|
Batting: RHB Sun-jae Kwak
|
0-0: Ball 1-0: Fly out, F9 (Flyball, 9)
|
Bottom of the 5th over - 0 runs, 0 hits, 0 errors, 0 left on base; Buckhead 2 - Las Vegas 2 |
TOP OF THE 6TH |
Buckhead Bowties batting - Pitching for Las Vegas Flamingos : RHP Sy-ing Tah
|
Batting: RHB Derek Bangert
|
0-0: Ground out 3-1 (Groundball, 34S)
|
Batting: RHB Daniel McCoy
|
0-0: Swinging Strike 0-1: Swinging Strike 0-2: SINGLE (Line Drive, 89S)
|
Batting: RHB David Edwards
|
0-0: Ball 1-0: Ball 2-0: Called Strike 2-1: Called Strike 2-2: Fielders Choice at 2nd, 6-4 (Groundball, 6)
|
Pitching: LHP Pedro Ortíz
|
|
Now at 2B: Daniel Maldonado
|
|
Batting: LHB Shunso Kiyomizu
|
0-0: Ball 1-0: Ball 2-0: Foul Ball, location: 2F 2-1: Foul Ball, location: 2F 2-2: Strikes out looking
|
Top of the 6th over - 0 runs, 1 hit, 0 errors, 1 left on base; Buckhead 2 - Las Vegas 2 |
BOTTOM OF THE 6TH |
Las Vegas Flamingos batting - Pitching for Buckhead Bowties : RHP David Buchanan
|
Batting: LHB Ruud van Ineveld
|
0-0: Called Strike 0-1: Swinging Strike 0-2: Ball 1-2: DOUBLE (Groundball, 3L)
|
Batting: RHB Baldomero Avino
|
0-0: Ball 1-0: Called Strike 1-1: Foul Ball, location: 2F 1-2: Ball 2-2: Ball 3-2: Base on Balls
|
Batting: RHB Daniel Maldonado
|
0-0: Called Strike 0-1: SINGLE (Line Drive, 78S) Ruud van Ineveld to third Baldomero Avino to second
|
Batting: LHB Victor Adams
|
0-0: Ball 1-0: DOUBLE (Flyball, 89D) Ruud van Ineveld scores Baldomero Avino scores Daniel Maldonado to third
|
Batting: LHB Ty Tomblin
|
0-0: Called Strike 0-1: Foul Ball, location: 2F 0-2: Foul Ball, location: 2F 0-2: Ground out 4-3 (Groundball, 4)
|
Batting: RHB Ellis Greenham
|
0-0: Called Strike 0-1: Ball 1-1: Foul Ball, location: 2F 1-2: Foul Ball, location: 2F 1-2: SINGLE (Line Drive, 9S) Daniel Maldonado scores Victor Adams to third
|
Batting: SHB Takashi Noda
|
0-0: Ball Ellis Greenham is caught stealing 2nd base 1-0: Ball 2-0: Called Strike 2-1: Swinging Strike 2-2: Ball 3-2: Foul Ball, location: 2F 3-2: Strikes out swinging
|
Bottom of the 6th over - 3 runs, 4 hits, 0 errors, 1 left on base; Buckhead 2 - Las Vegas 5 |
TOP OF THE 7TH |
Buckhead Bowties batting - Pitching for Las Vegas Flamingos : LHP Pedro Ortíz
|
Batting: RHB Richard Jost
|
0-0: Ball 1-0: Foul Ball, location: 2F 1-1: Foul Ball, location: 2F 1-2: Strikes out swinging
|
Batting: RHB Raúl Ruíz
|
0-0: Ball 1-0: Swinging Strike 1-1: Called Strike 1-2: Foul Ball, location: 2F 1-2: Strikes out swinging
|
Batting: LHB José Valéncia
|
0-0: Ground out U3 (Groundball, 34)
|
Top of the 7th over - 0 runs, 0 hits, 0 errors, 0 left on base; Buckhead 2 - Las Vegas 5 |
BOTTOM OF THE 7TH |
Las Vegas Flamingos batting - Pitching for Buckhead Bowties : RHP David Buchanan
|
Batting: RHB Shihei Kichikawa
|
0-0: Ball 1-0: Ground out 6-3 (Groundball, 6)
|
Batting: RHB Sun-jae Kwak
|
0-0: Called Strike 0-1: Ball 1-1: Ball 2-1: Ball 3-1: SINGLE (Line Drive, 3)
|
Batting: LHB Ruud van Ineveld
|
0-0: Called Strike 0-1: Single, Error in OF, E9, batter to second base Sun-jae Kwak to third
|
Pitching: LHP Yajirobei Otomo
|
|
Batting: RHB Baldomero Avino
|
0-0: Ball 1-0: Ball 2-0: Ball 3-0: Called Strike 3-1: Called Strike 3-2: Base on Balls
|
Batting: RHB Daniel Maldonado
|
0-0: Called Strike 0-1: Called Strike 0-2: Ball Wild Pitch! Sun-jae Kwak scores Ruud van Ineveld to third Baldomero Avino to second 1-2: Ball 2-2: Foul Ball, location: 2F 2-2: SINGLE (Line Drive, 34D) Ruud van Ineveld scores Baldomero Avino to third
|
Batting: LHB Victor Adams
|
0-0: Called Strike Daniel Maldonado is caught stealing 2nd base 0-1: Called Strike 0-2: Ground out 4-3 (Groundball, 4S)
|
Bottom of the 7th over - 2 runs, 3 hits, 1 error, 1 left on base; Buckhead 2 - Las Vegas 7 |
TOP OF THE 8TH |
Buckhead Bowties batting - Pitching for Las Vegas Flamingos : LHP Pedro Ortíz
|
Batting: LHB Yu-zeng Si
|
0-0: Called Strike 0-1: Called Strike 0-2: Strikes out looking
|
Batting: LHB Edwin Church
|
0-0: Swinging Strike 0-1: Ball 1-1: Ball 2-1: Called Strike 2-2: Strikes out swinging
|
Batting: RHB Derek Bangert
|
0-0: Swinging Strike 0-1: Swinging Strike 0-2: Ball 1-2: SINGLE (Groundball, 6MD)
|
Batting: RHB Daniel McCoy
|
0-0: Ball 1-0: Ball 2-0: Foul Ball, location: 2F 2-1: Ball 3-1: Foul Ball, location: 2F 3-2: Strikes out swinging
|
Top of the 8th over - 0 runs, 1 hit, 0 errors, 1 left on base; Buckhead 2 - Las Vegas 7 |
BOTTOM OF THE 8TH |
Las Vegas Flamingos batting - Pitching for Buckhead Bowties : LHP Yajirobei Otomo
|
Batting: LHB Ty Tomblin
|
0-0: Ball 1-0: TRIPLE (Flyball, 8LXD)
|
Batting: RHB Ellis Greenham
|
0-0: Called Strike 0-1: Swinging Strike 0-2: Ball 1-2: Foul Ball, location: 2F 1-2: Foul Ball, location: 2F 1-2: Foul Ball, location: 2F 1-2: Foul Ball, location: 2F 1-2: Ground out 6-3 (Groundball, 56)
|
Batting: SHB Takashi Noda
|
0-0: Foul Ball, location: 2F 0-1: Ball 1-1: Swinging Strike 1-2: Fly out, F7 (Flyball, 7LM) Runner from 3rd tags up, SCORES, no throw
|
Batting: RHB Shihei Kichikawa
|
0-0: Fly out, F8 (Line Drive, 8LS)
|
Bottom of the 8th over - 1 run, 1 hit, 0 errors, 0 left on base; Buckhead 2 - Las Vegas 8 |
TOP OF THE 9TH |
Buckhead Bowties batting - Pitching for Las Vegas Flamingos : LHP Pedro Ortíz
|
Batting: RHB David Edwards
|
0-0: Ball 1-0: Foul Ball, location: 2F 1-1: Ball 2-1: Called Strike 2-2: Ball 3-2: SINGLE (Line Drive, 56)
|
Batting: LHB Shunso Kiyomizu
|
0-0: Ball 1-0: Swinging Strike 1-1: Ball 2-1: Foul Ball, location: 2F 2-2: Foul Ball, location: 2F 2-2: Foul Ball, location: 2F 2-2: Foul Ball, location: 2F 2-2: Strikes out swinging
|
Batting: RHB Richard Jost
|
0-0: Fly out, F8 (Flyball, 8RS)
|
Batting: RHB Raúl Ruíz
|
0-0: SINGLE (Groundball, 6MD) David Edwards to second
|
Batting: LHB José Valéncia
|
0-0: Ball 1-0: Ball 2-0: Swinging Strike 2-1: Ground out 4-3 (Groundball, 4)
|
Top of the 9th over - 0 runs, 2 hits, 0 errors, 2 left on base; Buckhead 2 - Las Vegas 8 |
|